 Dungeon Crawl Stone Soup version 0.30.0-5-g1a98f26d00 (webtiles) character file.

Game seed: 9046694914387722650

204 retardedninja the Firebug (level 5, -2/38 HPs)
             Began as a Gnoll Fire Elementalist on May 10, 2023.
             Slain by a mummy (18 damage)
             ... in an ossuary.
             The game lasted 00:06:20 (3835 turns).

retardedninja the Firebug (Gnoll Fire Elementalist) Turns: 3835, Time: 00:06:20

Health: -2/38      AC:  2    Str:  7    XL:     5   Next: 82%
Magic:  19/21      EV: 13    Int: 16    God:
Gold:   102        SH:  0    Dex: 13    Spells: 11/14 levels left

rFire   . . .        h - +0 spear
rCold   . . .        (no shield)
rNeg    . . .        a - +0 robe
rPois   .            (no helmet)
rElec   .            (no cloak)
rCorr   .            (no gloves)
SInv    .            (no boots)
Will    .....        (no amulet)
Stlth   +++          l - ring of magical power
HPRegen 0.26/turn    (no ring)
MPRegen 0.17/turn

%: no passive effects
@: marked
A: fangs 1, strong nose, distributed training
a: no special abilities


You were in an ossuary.
You visited 1 branch of the dungeon, and saw 4 of its levels.
You also visited: Ossuary.

You collected 102 gold pieces.

Inventory:

Hand Weapons
 h - a +0 spear (weapon)
Armour
 a - a +0 robe (worn)
 o - a +0 pair of boots
Jewellery
 l - a ring of magical power (left hand)
Scrolls
 c - a scroll of enchant armour {unknown}
 e - a scroll of fog {unknown}
 f - a scroll of poison {unknown}
 g - a scroll of fear {unknown}
 i - 2 scrolls of identify {unknown}
 k - a scroll of immolation {unknown}
 p - a scroll of amnesia {unknown}
 q - 3 scrolls of vulnerability {unknown}
Potions
 b - a potion of magic
 d - a potion of lignification {unknown}
 j - 5 potions of curing {unknown}
 m - a potion of might {unknown}
 n - a potion of haste {unknown}


   Skills:
 + Level 1.7 Fighting
 + Level 1.7 Short Blades
 + Level 1.7 Long Blades
 + Level 1.7 Axes
 + Level 1.7 Maces & Flails
 + Level 1.7 Polearms
 + Level 1.7 Staves
 + Level 1.7 Ranged Weapons
 + Level 1.7 Throwing
 + Level 1.7 Armour
 + Level 4.9 Dodging
 + Level 4.5 Stealth
 + Level 1.7 Shields
 + Level 1.7 Unarmed Combat
 + Level 5.3 Spellcasting
 + Level 2.5 Conjurations
 + Level 1.3 Hexes
 + Level 1.3 Summonings
 + Level 1.3 Necromancy
 + Level 1.3 Translocations
 + Level 1.3 Transmutations
 + Level 5.6 Fire Magic
 + Level 1.3 Ice Magic
 + Level 1.3 Air Magic
 + Level 1.3 Earth Magic
 + Level 1.3 Poison Magic
 + Level 2.0 Invocations
 + Level 1.7 Evocations


You had 11 spell levels left.
You knew the following spells:

 Your Spells              Type           Power      Damage    Failure   Level
a - Foxfire               Conj/Fire      68%        2x1d7     2%          1
b - Scorch                Fire           44%        2d6       2%          2

Your spell library contained the following spells:

 Spells                   Type           Power      Damage    Failure   Level
 Inner Flame              Hex/Fire       15%        N/A       11%         3
 Volatile Blastmotes      Fire/Tloc      30%        2d12      11%         3
 Flame Wave               Conj/Fire      17%        2d7       28%         4


Dungeon Overview and Level Annotations

Branches:
Dungeon (4/15)            Ossuary (1/1)
 Temple: D:4-7

Altars:
Ashenzari
Uskayaw
Xom
Zin

Shops:
D:3 !


Innate Abilities, Weirdness & Mutations

You have very sharp teeth.
Your uncanny sense of smell can sniff out nearby items.
Your experience applies equally to all skills.


Message History

The rat zombie bites you but does no damage.
The human zombie hits you. The mummy hits you.
Casting: Scorch (safe; 2% risk of failure)
Confirm with . or Enter, or press ? or * to list all spells.
Flames lash the hobgoblin zombie.
You destroy the hobgoblin zombie!
The rat zombie completely misses you.
The kobold zombie hits you but does no damage.
The human zombie barely misses you.
Casting: Scorch (safe; 2% risk of failure)
Confirm with . or Enter, or press ? or * to list all spells.
Flames lash the hobgoblin zombie.
The hobgoblin zombie is burned terribly!
The hobgoblin zombie is almost destroyed.
The mummy hits you. The rat zombie barely misses you.
The kobold zombie hits you but does no damage.
The hobgoblin zombie hits you.
Casting: Scorch (safe; 2% risk of failure)
Confirm with . or Enter, or press ? or * to list all spells.
Flames lash the kobold zombie.
The kobold zombie is severely damaged.
The kobold zombie's fire resistance burns away.
The rat zombie bites you but does no damage.
The kobold zombie barely misses you. The mummy closely misses you.
The hobgoblin zombie hits you but does no damage.
Casting: Scorch (safe; 2% risk of failure)
Confirm with . or Enter, or press ? or * to list all spells.
You don't have enough magic to cast this spell.
Unknown command.
Magic courses through your body.
Casting: Scorch (safe; 2% risk of failure)
Confirm with . or Enter, or press ? or * to list all spells.
Flames lash the human zombie.
The human zombie is moderately damaged.
The human zombie's fire resistance burns away.
The mummy is no longer more vulnerable to fire.
The rat zombie closely misses you. The hobgoblin zombie barely misses you.
The kobold zombie hits you but does no damage.
The mummy completely misses you. The mummy hits you!!
You die...

#...# ...Z #...# #..Z#
#^.# #...# #...# #.^#
#...# #...# #.^# #...#
#...######..######...#
#....................#
#........8..8........#
#..........MMZ.......#
#.........ZZ@ZZ......#
######################


You could see 2 mummies, a rat zombie, 2 hobgoblin zombies, a kobold zombie
(combustible) and a human zombie (combustible).

Vanquished Creatures
  An orc priest (D:3)
  Natasha (thrice) (D:2)
  2 adders
  An adder zombie (Ossuary)
  A worm (D:2)
  2 dart slugs
  2 orcs (D:3)
  3 endoplasms
  2 giant cockroaches
  9 goblins
  2 hobgoblins
  2 jackals (D:2)
  2 quokkas
  7 ball pythons
  4 bats
  2 frilled lizards (D:3)
  8 hobgoblin zombies (Ossuary)
  5 kobolds
  5 kobold zombies (Ossuary)
  10 orc zombies (Ossuary)
  5 rats (D:3)
  2 rat zombies (Ossuary)
80 creatures vanquished.

Vanquished Creatures (others)
  404 foxfires
404 creatures vanquished.

Grand Total: 484 creatures vanquished

Notes
Turn   | Place    | Note
-------+----------+-------------------------------------------
     0 | D:1      | retardedninja the Gnoll Fire Elementalist began the quest
                  | for the Orb.
     0 | D:1      | Reached XP level 1. HP: 13/13 MP: 6/6
   303 | D:1      | Reached XP level 2. HP: 19/19 MP: 3/7
   928 | D:2      | Noticed Natasha
   933 | D:2      | Killed Natasha
   934 | D:2      | Reached skill level 5 in Spellcasting
   934 | D:2      | Reached skill level 1 in Invocations
   934 | D:2      | Reached XP level 3. HP: 25/25 MP: 4/9
  1017 | D:2      | Reached skill level 1 in Fighting
  1017 | D:2      | Reached skill level 1 in Short Blades
  1017 | D:2      | Reached skill level 1 in Long Blades
  1017 | D:2      | Reached skill level 1 in Axes
  1017 | D:2      | Reached skill level 1 in Maces & Flails
  1017 | D:2      | Reached skill level 1 in Polearms
  1017 | D:2      | Reached skill level 1 in Staves
  1017 | D:2      | Reached skill level 1 in Ranged Weapons
  1017 | D:2      | Reached skill level 1 in Throwing
  1017 | D:2      | Reached skill level 1 in Armour
  1017 | D:2      | Reached skill level 1 in Shields
  1017 | D:2      | Reached skill level 1 in Unarmed Combat
  1017 | D:2      | Reached skill level 1 in Evocations
  1276 | D:2      | Noticed Natasha
  1281 | D:2      | Killed Natasha
  1282 | D:2      | Reached XP level 4. HP: 32/32 MP: 8/11
  1402 | D:2      | Reached skill level 1 in Hexes
  1402 | D:2      | Reached skill level 1 in Summonings
  1402 | D:2      | Reached skill level 1 in Necromancy
  1402 | D:2      | Reached skill level 1 in Translocations
  1402 | D:2      | Reached skill level 1 in Transmutations
  1402 | D:2      | Reached skill level 1 in Ice Magic
  1402 | D:2      | Reached skill level 1 in Air Magic
  1402 | D:2      | Reached skill level 1 in Earth Magic
  1402 | D:2      | Reached skill level 1 in Poison Magic
  1438 | D:2      | Noticed Natasha
  1451 | D:2      | Killed Natasha
  1761 | D:2      | Learned a level 2 spell: Scorch
  1987 | D:3      | Found Dithil's Distillery.
  2049 | D:3      | Reached XP level 5. HP: 37/37 MP: 9/12
  2547 | D:3      | Found a hide-covered altar of Uskayaw.
  2994 | D:3      | Found a glowing silver altar of Zin.
  2994 | D:3      | Found a broken altar of Ashenzari.
  2995 | D:3      | Found a shimmering altar of Xom.
  3216 | D:4      | Found a sand-covered staircase.
  3238 | D:4      | Noticed a phantom
  3248 | Ossuary  | Entered an ossuary
  3835 | Ossuary  | Slain by a mummy

Illustrated notes

Levels and vault maps discovered:
D:1:      wheals_arrival_shading, layout_basic
D:2:      layout_rooms, hangedman_decor_points, uniq_natasha
D:3:      layout_rooms, mainiacjoe_overflow_chevrons,
          gammafunk_temple_overflow_claw, serial_shops, shop
D:4:      layout_basic, lemuel_mausoleum_altar_kikubaaqudgha,
          minmay_temple_entry_fiery, serial_aquarium, aquarium_bridge_square
          [aquarium_subvault_window, aquarium_subvault_bridge,
          aquarium_subvault_window, aquarium_subvault_bridge],
          aquarium_window_fake, aquarium_window_corridor_3, aquarium_window_1,
          aquarium_window_fake, aquarium_view_2d, aquarium_view_2c,
          aquarium_balcony_1b, enter_ossuary_3
Ossuary:  ossuary_tomb_1

Skill      XL: |  1  2  3  4  5 |
---------------+----------------+-----
Conjurations   | 2 |  2.5
Spellcasting   | 5 |  5.3
Invocations    | 1 2 |  2.0
Fighting       | 1 |  1.7
Short Blades   | 1 |  1.7
Long Blades    | 1 |  1.7
Axes           | 1 |  1.7
Maces & Flails | 1 |  1.7
Polearms       | 1 |  1.7
Staves         | 1 |  1.7
Ranged Weapons | 1 |  1.7
Throwing       | 1 |  1.7
Armour         | 1 |  1.7
Shields        | 1 |  1.7
Unarmed Combat | 1 |  1.7
Evocations     | 1 |  1.7
Hexes          | 1 |  1.3
Summonings     | 1 |  1.3
Necromancy     | 1 |  1.3
Translocations | 1 |  1.3
Transmutations | 1 |  1.3
Ice Magic      | 1 |  1.3
Air Magic      | 1 |  1.3
Earth Magic    | 1 |  1.3
Poison Magic   | 1 |  1.3
Dodging        | |  4.9
Stealth        | |  4.5
Fire Magic     | |  5.6

Action                     |  1- 3 |  4- 6 || total
---------------------------+-------+-------++-------
  Melee: Spear             |       |    15 ||    15
         Punch             |       |     2 ||     2
         Bite              |       |     1 ||     1
   Cast: Foxfire           |    78 |   161 ||   239
         Scorch            |       |    14 ||    14
    Use: Potion            |       |     1 ||     1
 Armour: Robe              |       |    20 ||    20
  Dodge: Dodged            |     1 |    50 ||    51
